 Dungeon Crawl Stone Soup version 0.14-a0-1719-ga7e7698 (webtiles) character file.

196 HollowCharge the Slasher (level 5, 0/34 HPs)
             Began as a Tengu Fighter on Jan 1, 2014.
             Slain by an orc
             ... wielding a +0,+1 orcish whip of distortion
              (3 damage)
             ... on Level 3 of the Dungeon.
             The game lasted 00:13:23 (2379 turns).

HollowCharge the Slasher (Tengu Fighter)            Turns: 2379, Time: 00:13:23

HP   0/34        AC  9     Str 16      XL: 5   Next: 51%
MP   7/7         EV 11     Int  8      God:
Gold 26          SH  0     Dex 20      Spells:  0 memorised,  4 levels left

rFire  + . .     SeeInvis .     a - +0 falchion
rCold  + . .     Clarity  .     g - +3 orc scale mail
rNeg   . . .     Conserve .     c - +0 shield
rPois  +         rCorr    .     (helmet restricted)
rElec  +         rRot     .     (no cloak)
SustAb . .       Spirit   .     (no gloves)
rMut   .         Warding  .     (boots unavailable)
Saprov . . .     Stasis   .     (no amulet)
                                (no ring)
                                o - ring of invisibility

@: confused, agile, drained, slightly resistant to hostile enchantments,
extremely unstealthy
A: able to fly, beak, talons 3
a: Fly, Evoke Invisibility


You were on level 3 of the Dungeon.
You were not hungry.

You visited 1 branch of the dungeon, and saw 3 of its levels.

You collected 26 gold pieces.

Inventory:

Hand weapons
 a - a +0,+0 falchion (weapon)
Armour
 c - a +0 shield (worn)
 g - a +3 orcish scale mail (worn)
Comestibles
 d - a bread ration
 f - 2 pears
 l - a rotting chunk of giant newt flesh
 n - an apple
 p - a cheese
 s - 3 chunks of rat flesh
 t - 3 chunks of rat flesh
Scrolls
 b - 3 scrolls of teleportation {unknown}
 e - a scroll of enchant weapon II {unknown}
 i - 2 scrolls of identify {unknown}
 j - a scroll of random uselessness {unknown}
Jewellery
 o - a ring of invisibility (left hand)
Potions
 q - a potion of restore abilities {unknown}
 r - a potion of curing {unknown}


   Skills:
 + Level 4.6(3.8) Fighting
 + Level 4.7(3.9) Long Blades
 - Level 3.2(2.5) Armour
 - Level 3.0(2.3) Shields


You had 4 spell levels left.
You didn't know any spells.

Dungeon Overview and Level Annotations

Branches:
Dungeon (3/16)

Altars:
Nemelex Xobeh


Innate Abilities, Weirdness & Mutations

You can fly.
You have a beak for a mouth.
You have claws for feet.


Message History

Space warps horribly around you!
Ouch! That really hurt!
Your shield and scale mail prevent you from hitting the orc.
The orc is moderately wounded.
The orc hits you with an orcish whip of distortion.
You blink.
You become transparent for a moment.
o - a ring of invisibility (left hand)
You feel agile all of a sudden.
It was a potion of agility.
You feel protected.
It was a potion of resistance.
You are confused.
It was a potion of confusion.
Ouch! The orc misses you. The orc hits you but does no damage.
Space warps horribly around you!
* * * LOW HITPOINT WARNING * * *
The orc closely misses you.
The orc hits you with an orcish whip of distortion.
You die...

### #### #### ..#
#..# #..# ..# #..#
#..# ..# #..# #..#
..# #..# #..#
..#####..########o.#
................@..#
...................#
..####..#########..#
..# #..# #..# ..#
#..# #... ..# #..#
#.... ..# #..#
#..... ..# #...
...... ..# #... ...


You could see an orc.

Vanquished Creatures
  A hound zombie (D:3)
  Terence (D:2)
  4 adders
  A giant mite (D:1)
  3 worms
  4 giant geckos
  2 oozes
  4 giant cockroaches
  6 goblins
  5 hobgoblins
  3 jackals (D:1)
  4 kobolds
  A quokka (D:2)
  A ball python (D:2)
  8 bats
  5 giant newts
  40 rats
93 creatures vanquished.

Notes
Turn   | Place    | Note
--------------------------------------------------------------
     0 | D:1      | HollowCharge, the Tengu Fighter, began the quest for the Orb.
     0 | D:1      | Reached XP level 1. HP: 14/14 MP: 1/1
   254 | D:1      | Reached XP level 2. HP: 17/19 MP: 3/3
   354 | D:1      | Found a sparkling altar of Nemelex Xobeh.
   466 | D:1      | Reached XP level 3. HP: 19/23 MP: 4/4
  1143 | D:2      | Noticed Terence
  1407 | D:2      | Reached XP level 4. HP: 24/29 MP: 5/5
  1415 | D:2      | Reached skill level 4 in Fighting
  1546 | D:2      | Killed Terence
  2007 | D:3      | Reached XP level 5. HP: 30/33 MP: 7/7
  2379 | D:3      | Slain by an orc

Action                   |  1- 3 |  4- 6 || total
-------------------------+-------+-------++-------
Melee: Falchion          |   108 |   112 ||   220
 Abil: Fly               |       |     1 ||     1
  Use: Potion            |       |     3 ||     3
